Canucks vs Jets

Created - January 10 2012 at 17:14

Goals
1 2 3 T
Canucks 2 0 2 4
Jets 0 0 0 0
Shots
1 2 3 T
Canucks 11 6 12 29
Jets 6 7 4 17

Period #1

1. Canucks , Duncan Keith 8 (Corey Perry, Phil Kessel) at 5:17 (PP)
2. Canucks , Fedor Tyutin 2 (Brandon Sutter, James van Riemsdyk) at 13:29

Penalties :
Alex Pietrangelo (VAN) for Holding (Minor) at 0:05, Aaron Rome (WPG) for Holding (Minor) at 3:19, Alex Pietrangelo (VAN) for Hooking (Minor) at 8:02, Ryan Malone (WPG) for Hooking (Minor) at 13:41, Ryan Malone (WPG) for Roughing (Minor) at 18:33

Period #2

No Goal

Penalties :
Ryan Callahan (WPG) for Hooking (Minor) at 1:35, Mark Giordano (WPG) for Hooking (Minor) at 5:29, Brooks Laich (VAN) for Cross-checking (Minor) at 6:14, Ryan Malone (WPG) for Tripping (Minor) at 17:12, Brooks Laich (VAN) for Roughing (Minor) at 18:35

Period #3

3. Canucks , James van Riemsdyk 17 (Brooks Laich, Alex Pietrangelo) at 2:24 (PP)
4. Canucks , Valtteri Filppula 10 (Jannik Hansen, Phil Kessel) at 16:03

Penalties :
Aaron Rome (WPG) for Hooking (Minor) at 1:33, Aaron Rome (WPG) for Hooking (Minor) at 16:12

Goalie Stats

Henrik Lundqvist (VAN), 17 saves from 17 shots - (1.000), W, 23-10-3, 60:00 minutes
Ilya Bryzgalov (WPG), 25 saves from 29 shots - (0.862), L, 18-15-5, 60:00 minutes

Players Stats

Canucks
Player Name              G  A  P  +/- PIM S  H  SB FO    MP 
------------------------------------------------------------
Alex Pietrangelo         0  1  1   0  4   0  2  2  0/0   18 
Brandon Sutter           0  1  1   1  0   2  0  0  8/15  16 
Brooks Laich             0  1  1   0  4   2  0  1  8/16  15 
Corey Perry              0  1  1   0  0   3  3  0  0/0   20 
David Backes             0  0  0   0  0   2  3  0  1/4   14 
Dmitry Kulikov           0  0  0   1  0   0  0  1  0/0   17 
Duncan Keith             1  0  1   0  0   3  0  4  0/0   24 
Erik Karlsson            0  0  0   0  0   1  3  2  0/0   21 
Fedor Tyutin             1  0  1   1  0   1  0  1  0/0   16 
James van Riemsdyk       1  1  2   1  0   1  1  0  2/2   17 
Jannik Hansen            0  1  1   1  0   1  0  0  2/2   9  
Kris Russell             0  0  0   1  0   1  1  0  0/0   10 
Loui Eriksson            0  0  0   0  0   2  1  0  0/1   21 
Matthew Carle            0  0  0   0  0   0  1  2  0/0   14 
Phil Kessel              0  2  2   1  0   2  1  0  6/18  20 
Ryan OReilly             0  0  0   1  0   2  0  0  6/10  9  
Tomas Holmstrom          0  0  0   1  0   4  4  0  1/1   17 
Valtteri Filppula        1  0  1   1  0   2  0  0  1/1   14 
Jets
Player Name              G  A  P  +/- PIM S  H  SB FO    MP 
------------------------------------------------------------
Aaron Rome               0  0  0   0  6   0  4  0  0/0   18 
Alex Goligoski           0  0  0  -1  0   2  0  1  0/0   16 
Andrei Loktionov         0  0  0   0  0   0  0  0  0/0   9  
Brian Boyle              0  0  0  -1  0   1  1  1  6/10  16 
Carlo Colaiacovo         0  0  0   0  0   3  0  2  0/0   8  
Christian Ehrhoff        0  0  0  -1  0   0  1  1  0/0   20 
Clarke MacArthur         0  0  0  -1  0   1  0  0  1/3   17 
Colby Armstrong          0  0  0  -1  0   2  0  1  0/0   16 
Erik Cole                0  0  0   0  0   1  1  1  2/2   16 
Henrik Sedin             0  0  0   0  0   1  0  1  11/25 17 
James Wisniewski         0  0  0  -1  0   0  1  1  0/0   16 
Mark Giordano            0  0  0  -1  2   0  1  0  0/0   23 
Martin Erat              0  0  0  -1  0   3  0  0  0/0   13 
Mike Ribeiro             0  0  0  -1  0   0  0  1  11/19 20 
Ryan Callahan            0  0  0   0  2   1  1  0  0/0   22 
Ryan Malone              0  0  0  -1  6   1  4  0  0/0   11 
Ryan Suter               0  0  0   0  0   1  1  1  0/0   18 
Zack Smith               0  0  0   0  0   0  2  0  4/11  8  

3 Stars

1 - Henrik Lundqvist (VAN)
2 - James van Riemsdyk (VAN)
3 - Phil Kessel (VAN)

Power Play

Canucks - 2 on 8 Attempt(s) - 25.00%
Jets - 0 on 4 Attempt(s) - 0.00%

Penalty Kill

Canucks - 4 on 4 Attempt(s) - 100.00% - Score 0 goal in Penalty Kill
Jets - 6 on 8 Attempt(s) - 75.00% - Score 0 goal in Penalty Kill

Game Notes

No Game Note

Finance

Level 1 -- Attendance: 6000 (100.00%) -- Ticket Income $540,000.00
Level 2 -- Attendance: 4619 (92.38%) -- Ticket Income $217,093.00
Level 3 -- Attendance: 2200 (100.00%) -- Ticket Income $72,600.00
Level 4 -- Attendance: 1015 (100.00%) -- Ticket Income $23,345.00
Luxury Box -- Attendance: 800 (100.00%) -- Ticket Income $136,000.00
Game was played at the MTS Center
Total Attendance: 14634 (97.46%)
Total Ticket Income: $1,054,069.00
Other Income: $222,910.50
Total Income: $1,276,980.00


Play by Play

Period #1

0:01 of 1st period - Henrik Sedin wins face-off versus Phil Kessel in neutral zone.
0:01 of 1st period - Ryan Callahan is hit by Phil Kessel and loses puck.
0:05 of 1st period - Minor Penalty to Alex Pietrangelo for Holding.
0:06 of 1st period - Mike Ribeiro wins face-off versus David Backes in Canucks zone.
0:13 of 1st period - Shot by Ryan Malone.
0:13 of 1st period - Stopped by Henrik Lundqvist without a rebound.
0:14 of 1st period - Ryan OReilly wins face-off versus Henrik Sedin in Canucks zone.
0:41 of 1st period - Shot by Christian Ehrhoff.
0:41 of 1st period - Shot Blocked by Matthew Carle.
0:59 of 1st period - Shot by Christian Ehrhoff.
0:59 of 1st period - Shot Misses the Net.
1:13 of 1st period - Shot by Mike Ribeiro.
1:13 of 1st period - Shot Misses the Net.
1:15 of 1st period - Shot by Martin Erat.
1:15 of 1st period - Shot Blocked by Matthew Carle.
1:17 of 1st period - Shot by Mike Ribeiro.
1:17 of 1st period - Deflect By Martin Erat.
1:17 of 1st period - Stopped by Henrik Lundqvist without a rebound.
1:18 of 1st period - Mike Ribeiro wins face-off versus Ryan OReilly in Canucks zone.
1:19 of 1st period - Shot by Alex Goligoski.
1:19 of 1st period - Stopped by Henrik Lundqvist without a rebound.
1:20 of 1st period - Mike Ribeiro wins face-off versus Ryan OReilly in Canucks zone.
2:09 of 1st period - Zack Smith is hit by Corey Perry and loses puck.
2:30 of 1st period - Shot by Phil Kessel.
2:30 of 1st period - Shot Misses the Net.
2:32 of 1st period - Shot by Corey Perry.
2:32 of 1st period - Stopped by Ilya Bryzgalov without a rebound.
2:33 of 1st period - Brian Boyle wins face-off versus Brandon Sutter in Jets zone.
3:04 of 1st period - Shot by Clarke MacArthur.
3:04 of 1st period - Stopped by Henrik Lundqvist without a rebound.
3:05 of 1st period - Brooks Laich wins face-off versus Henrik Sedin in Canucks zone.
3:19 of 1st period - Minor Penalty to Aaron Rome for Holding.
3:20 of 1st period - Mike Ribeiro wins face-off versus Phil Kessel in Jets zone.
3:59 of 1st period - Shot by Duncan Keith.
3:59 of 1st period - Stopped by Ilya Bryzgalov without a rebound.
4:00 of 1st period - Brooks Laich wins face-off versus Henrik Sedin in Jets zone.
4:20 of 1st period - Icing by Dmitry Kulikov.
4:21 of 1st period - Henrik Sedin wins face-off versus Brooks Laich in Canucks zone.
4:40 of 1st period - Shot by Alex Pietrangelo.
4:40 of 1st period - Shot Blocked by Erik Cole.
5:05 of 1st period - Icing by Erik Karlsson.
5:06 of 1st period - Phil Kessel wins face-off versus Henrik Sedin in Canucks zone.
5:13 of 1st period - Shot by Phil Kessel.
5:13 of 1st period - Shot Blocked by Alex Goligoski.
5:15 of 1st period - Shot by Corey Perry.
5:15 of 1st period - Shot Misses the Net.
5:17 of 1st period - Shot by Duncan Keith.
5:17 of 1st period - Goal by Duncan Keith - Canucks : 1 - Jets : 0.
5:18 of 1st period - Ryan OReilly wins face-off versus Zack Smith in neutral zone.
5:55 of 1st period - Icing by Carlo Colaiacovo.
5:56 of 1st period - Brandon Sutter wins face-off versus Zack Smith in Jets zone.
6:23 of 1st period - Shot by Mark Giordano.
6:23 of 1st period - Shot Misses the Net.
6:25 of 1st period - Shot by Colby Armstrong.
6:25 of 1st period - Shot Misses the Net.
6:29 of 1st period - Shot by Clarke MacArthur.
6:29 of 1st period - Shot Blocked by Fedor Tyutin.
7:10 of 1st period - Shot by Phil Kessel.
7:10 of 1st period - Shot Misses the Net.
7:56 of 1st period - Alex Goligoski is hit by Corey Perry and loses puck.
8:02 of 1st period - Minor Penalty to Alex Pietrangelo for Hooking.
8:03 of 1st period - Ryan OReilly wins face-off versus Mike Ribeiro in Canucks zone.
8:11 of 1st period - Mike Ribeiro is hit by Kris Russell and loses puck.
8:22 of 1st period - Shot by Alex Goligoski.
8:22 of 1st period - Stopped by Henrik Lundqvist without a rebound.
8:23 of 1st period - Brandon Sutter wins face-off versus Henrik Sedin in Canucks zone.
8:43 of 1st period - Icing by Ryan Suter.
8:44 of 1st period - Ryan OReilly wins face-off versus Henrik Sedin in Jets zone.
9:14 of 1st period - Icing by Mike Ribeiro.
9:15 of 1st period - Mike Ribeiro wins face-off versus Brandon Sutter in Jets zone.
9:22 of 1st period - Fedor Tyutin is hit by Ryan Malone and loses puck.
10:29 of 1st period - Shot by Phil Kessel.
10:29 of 1st period - Shot Misses the Net.
12:07 of 1st period - Shot by Brandon Sutter.
12:07 of 1st period - Shot Misses the Net.
12:11 of 1st period - Shot by Tomas Holmstrom.
12:11 of 1st period - Shot Misses the Net.
12:13 of 1st period - Shot by Tomas Holmstrom.
12:13 of 1st period - Stopped by Ilya Bryzgalov without a rebound.
12:14 of 1st period - Jannik Hansen wins face-off versus Zack Smith in Jets zone.
12:22 of 1st period - Loui Eriksson is hit by Aaron Rome and loses puck.
12:29 of 1st period - Shot by Loui Eriksson.
12:29 of 1st period - Deflect By Ryan OReilly.
12:29 of 1st period - Stopped by Ilya Bryzgalov with a rebound.
12:31 of 1st period - Shot by Ryan OReilly.
12:31 of 1st period - Stopped by Ilya Bryzgalov without a rebound.
12:32 of 1st period - Brian Boyle wins face-off versus Phil Kessel in Jets zone.
13:25 of 1st period - Shot by James van Riemsdyk.
13:25 of 1st period - Shot Misses the Net.
13:27 of 1st period - Shot by Brandon Sutter.
13:27 of 1st period - Shot Hit the Post.
13:29 of 1st period - Shot by Fedor Tyutin.
13:29 of 1st period - Goal by Fedor Tyutin - Canucks : 2 - Jets : 0.
13:30 of 1st period - Brooks Laich wins face-off versus Mike Ribeiro in neutral zone.
13:37 of 1st period - Christian Ehrhoff is hit by Matthew Carle and loses puck.
13:41 of 1st period - Minor Penalty to Ryan Malone for Hooking.
13:42 of 1st period - Henrik Sedin wins face-off versus Brooks Laich in Jets zone.
13:51 of 1st period - Shot by Henrik Sedin.
13:51 of 1st period - Shot Misses the Net.
14:17 of 1st period - Shot by Alex Pietrangelo.
14:17 of 1st period - Shot Blocked by Christian Ehrhoff.
16:48 of 1st period - Shot by Brian Boyle.
16:48 of 1st period - Stopped by Henrik Lundqvist without a rebound.
16:49 of 1st period - Brandon Sutter wins face-off versus Zack Smith in Canucks zone.
16:56 of 1st period - Shot by Tomas Holmstrom.
16:56 of 1st period - Stopped by Ilya Bryzgalov with a rebound.
16:58 of 1st period - Shot by Fedor Tyutin.
16:58 of 1st period - Shot Misses the Net.
17:00 of 1st period - Shot by Tomas Holmstrom.
17:00 of 1st period - Shot Blocked by Carlo Colaiacovo.
17:02 of 1st period - Shot by Brandon Sutter.
17:02 of 1st period - Stopped by Ilya Bryzgalov without a rebound.
17:03 of 1st period - Brooks Laich wins face-off versus Brian Boyle in Jets zone.
17:10 of 1st period - Shot by Brooks Laich.
17:10 of 1st period - Shot Misses the Net.
17:12 of 1st period - Shot by David Backes.
17:12 of 1st period - Shot Misses the Net.
17:16 of 1st period - Shot by Loui Eriksson.
17:16 of 1st period - Shot Blocked by Brian Boyle.
17:18 of 1st period - Shot by Matthew Carle.
17:18 of 1st period - Shot Misses the Net.
17:28 of 1st period - James Wisniewski is hit by David Backes and loses puck.
17:57 of 1st period - Tomas Holmstrom is hit by Erik Cole.
18:16 of 1st period - Tomas Holmstrom is hit by Ryan Callahan and loses puck.
18:32 of 1st period - James van Riemsdyk is hit by Ryan Malone and loses puck.
18:33 of 1st period - Minor Penalty to Ryan Malone for Roughing.
18:34 of 1st period - Mike Ribeiro wins face-off versus Phil Kessel in Jets zone.
18:52 of 1st period - Shot by Corey Perry.
18:52 of 1st period - Shot Blocked by Mike Ribeiro.
18:54 of 1st period - Shot by Erik Karlsson.
18:54 of 1st period - Stopped by Ilya Bryzgalov without a rebound.
18:55 of 1st period - Phil Kessel wins face-off versus Henrik Sedin in Jets zone.
19:44 of 1st period - Shot by Loui Eriksson.
19:44 of 1st period - Stopped by Ilya Bryzgalov without a rebound.
19:45 of 1st period - Mike Ribeiro wins face-off versus Brooks Laich in Jets zone.

Period #2

0:01 of 2nd period - Henrik Sedin wins face-off versus Phil Kessel in neutral zone.
0:36 of 2nd period - Shot by Loui Eriksson.
0:36 of 2nd period - Shot Blocked by Carlo Colaiacovo.
0:40 of 2nd period - Shot by Tomas Holmstrom.
0:40 of 2nd period - Stopped by Ilya Bryzgalov without a rebound.
0:41 of 2nd period - Brian Boyle wins face-off versus Brandon Sutter in Jets zone.
0:52 of 2nd period - Shot by Clarke MacArthur.
0:52 of 2nd period - Shot Misses the Net.
1:10 of 2nd period - Shot by Clarke MacArthur.
1:10 of 2nd period - Shot Misses the Net.
1:35 of 2nd period - Minor Penalty to Ryan Callahan for Hooking.
1:36 of 2nd period - Phil Kessel wins face-off versus Henrik Sedin in Jets zone.
1:37 of 2nd period - Shot by Duncan Keith.
1:37 of 2nd period - Shot Blocked by Ryan Suter.
2:03 of 2nd period - Phil Kessel is hit by Ryan Suter and loses puck.
2:42 of 2nd period - Shot by Brooks Laich.
2:42 of 2nd period - Stopped by Ilya Bryzgalov with a rebound.
2:44 of 2nd period - Shot by Brooks Laich.
2:44 of 2nd period - Stopped by Ilya Bryzgalov without a rebound.
2:45 of 2nd period - Brooks Laich wins face-off versus Clarke MacArthur in Jets zone.
2:45 of 2nd period - Brooks Laich is hit by Christian Ehrhoff.
3:00 of 2nd period - Icing by Dmitry Kulikov.
3:01 of 2nd period - Clarke MacArthur wins face-off versus Brooks Laich in Canucks zone.
3:50 of 2nd period - Icing by Duncan Keith.
3:51 of 2nd period - Ryan OReilly wins face-off versus Clarke MacArthur in Canucks zone.
3:51 of 2nd period - Ryan OReilly is hit by Brian Boyle.
4:34 of 2nd period - Valtteri Filppula is hit by Mark Giordano and loses puck.
4:53 of 2nd period - Mark Giordano is hit by Erik Karlsson and loses puck.
5:29 of 2nd period - Minor Penalty to Mark Giordano for Hooking.
5:30 of 2nd period - Henrik Sedin wins face-off versus Loui Eriksson in Jets zone.
5:51 of 2nd period - Shot by Duncan Keith.
5:51 of 2nd period - Shot Misses the Net.
5:53 of 2nd period - Shot by Erik Karlsson.
5:53 of 2nd period - Shot Misses the Net.
6:14 of 2nd period - Minor Penalty to Brooks Laich for Cross-checking.
6:15 of 2nd period - Henrik Sedin wins face-off versus David Backes in Canucks zone.
6:18 of 2nd period - Shot by Erik Cole.
6:18 of 2nd period - Stopped by Henrik Lundqvist without a rebound.
6:19 of 2nd period - David Backes wins face-off versus Henrik Sedin in Canucks zone.
7:09 of 2nd period - Off-side.
7:10 of 2nd period - Brandon Sutter wins face-off versus Mike Ribeiro in neutral zone.
7:13 of 2nd period - Aaron Rome is hit by Loui Eriksson and loses puck.
7:58 of 2nd period - Shot by Ryan Callahan.
7:58 of 2nd period - Stopped by Henrik Lundqvist without a rebound.
7:59 of 2nd period - Ryan OReilly wins face-off versus Mike Ribeiro in Canucks zone.
8:32 of 2nd period - Shot by Phil Kessel.
8:32 of 2nd period - Stopped by Ilya Bryzgalov without a rebound.
8:33 of 2nd period - James van Riemsdyk wins face-off versus Brian Boyle in Jets zone.
8:38 of 2nd period - Shot by Tomas Holmstrom.
8:38 of 2nd period - Shot Misses the Net.
12:30 of 2nd period - Icing by Colby Armstrong.
12:31 of 2nd period - Brian Boyle wins face-off versus Brooks Laich in Jets zone.
12:55 of 2nd period - Icing by Christian Ehrhoff.
12:56 of 2nd period - Mike Ribeiro wins face-off versus Brandon Sutter in Jets zone.
12:56 of 2nd period - Mike Ribeiro is hit by James van Riemsdyk.
13:22 of 2nd period - Shot by Brandon Sutter.
13:22 of 2nd period - Stopped by Ilya Bryzgalov without a rebound.
13:23 of 2nd period - Henrik Sedin wins face-off versus Phil Kessel in Jets zone.
13:23 of 2nd period - Ryan Suter is hit by Corey Perry and loses puck.
13:28 of 2nd period - Shot by Corey Perry.
13:28 of 2nd period - Stopped by Ilya Bryzgalov without a rebound.
13:29 of 2nd period - Phil Kessel wins face-off versus Zack Smith in Jets zone.
13:33 of 2nd period - Phil Kessel is hit by Aaron Rome and loses puck.
13:41 of 2nd period - Icing by Carlo Colaiacovo.
13:42 of 2nd period - Zack Smith wins face-off versus Brooks Laich in Jets zone.
13:55 of 2nd period - Shot by Ryan Callahan.
13:55 of 2nd period - Shot Blocked by Duncan Keith.
13:57 of 2nd period - Shot by Aaron Rome.
13:57 of 2nd period - Shot Misses the Net.
13:59 of 2nd period - Shot by Zack Smith.
13:59 of 2nd period - Shot Blocked by Brooks Laich.
14:13 of 2nd period - Shot by David Backes.
14:13 of 2nd period - Shot Misses the Net.
14:47 of 2nd period - Brooks Laich is hit by Ryan Malone and loses puck.
15:38 of 2nd period - Shot by Clarke MacArthur.
15:38 of 2nd period - Deflect By Brian Boyle.
15:38 of 2nd period - Shot Misses the Net.
15:42 of 2nd period - Shot by Clarke MacArthur.
15:42 of 2nd period - Shot Blocked by Alex Pietrangelo.
15:44 of 2nd period - Shot by Colby Armstrong.
15:44 of 2nd period - Stopped by Henrik Lundqvist without a rebound.
15:45 of 2nd period - Henrik Sedin wins face-off versus Brandon Sutter in Canucks zone.
15:48 of 2nd period - Shot by Erik Cole.
15:48 of 2nd period - Shot Blocked by Dmitry Kulikov.
15:52 of 2nd period - Shot by Ryan Callahan.
15:52 of 2nd period - Shot Misses the Net.
16:02 of 2nd period - Shot by Henrik Sedin.
16:02 of 2nd period - Stopped by Henrik Lundqvist with a rebound.
16:04 of 2nd period - Shot by Ryan Suter.
16:04 of 2nd period - Stopped by Henrik Lundqvist without a rebound.
16:05 of 2nd period - Zack Smith wins face-off versus Ryan OReilly in Canucks zone.
16:12 of 2nd period - Shot by Carlo Colaiacovo.
16:12 of 2nd period - Stopped by Henrik Lundqvist with a rebound.
16:14 of 2nd period - Shot by Andrei Loktionov.
16:14 of 2nd period - Shot Misses the Net.
16:16 of 2nd period - Shot by Ryan Callahan.
16:16 of 2nd period - Shot Blocked by Duncan Keith.
16:28 of 2nd period - Shot by Andrei Loktionov.
16:28 of 2nd period - Shot Blocked by Duncan Keith.
16:30 of 2nd period - Shot by Carlo Colaiacovo.
16:30 of 2nd period - Stopped by Henrik Lundqvist with a rebound.
16:58 of 2nd period - James van Riemsdyk is hit by Aaron Rome and loses puck.
17:12 of 2nd period - Minor Penalty to Ryan Malone for Tripping.
17:13 of 2nd period - Erik Cole wins face-off versus Brooks Laich in Jets zone.
17:25 of 2nd period - Erik Cole is hit by Alex Pietrangelo and loses puck.
17:32 of 2nd period - Mark Giordano is hit by Tomas Holmstrom.
18:35 of 2nd period - Minor Penalty to Brooks Laich for Roughing.
18:36 of 2nd period - Brandon Sutter wins face-off versus Mike Ribeiro in Canucks zone.
19:06 of 2nd period - Icing by Alex Goligoski.
19:07 of 2nd period - Mike Ribeiro wins face-off versus David Backes in Jets zone.

Period #3

0:01 of 3rd period - Brandon Sutter wins face-off versus Henrik Sedin in neutral zone.
0:18 of 3rd period - Icing by Ryan Suter.
0:19 of 3rd period - Brandon Sutter wins face-off versus Henrik Sedin in Jets zone.
0:58 of 3rd period - Shot by Clarke MacArthur.
0:58 of 3rd period - Deflect By Colby Armstrong.
0:58 of 3rd period - Stopped by Henrik Lundqvist without a rebound.
0:59 of 3rd period - Mike Ribeiro wins face-off versus Brooks Laich in Canucks zone.
1:08 of 3rd period - Shot by Mike Ribeiro.
1:08 of 3rd period - Shot Blocked by Duncan Keith.
1:18 of 3rd period - Shot by David Backes.
1:18 of 3rd period - Stopped by Ilya Bryzgalov with a rebound.
1:20 of 3rd period - Shot by Duncan Keith.
1:20 of 3rd period - Stopped by Ilya Bryzgalov without a rebound.
1:21 of 3rd period - Zack Smith wins face-off versus Brandon Sutter in Jets zone.
1:21 of 3rd period - Zack Smith is hit by Tomas Holmstrom.
1:33 of 3rd period - Minor Penalty to Aaron Rome for Hooking.
1:34 of 3rd period - Henrik Sedin wins face-off versus Phil Kessel in Jets zone.
2:04 of 3rd period - Shot by Loui Eriksson.
2:04 of 3rd period - Shot Misses the Net.
2:06 of 3rd period - Shot by Loui Eriksson.
2:06 of 3rd period - Shot Misses the Net.
2:08 of 3rd period - Shot by Loui Eriksson.
2:08 of 3rd period - Shot Misses the Net.
2:10 of 3rd period - Shot by Phil Kessel.
2:10 of 3rd period - Shot Misses the Net.
2:12 of 3rd period - Shot by Phil Kessel.
2:12 of 3rd period - Stopped by Ilya Bryzgalov without a rebound.
2:13 of 3rd period - Brooks Laich wins face-off versus Henrik Sedin in Jets zone.
2:24 of 3rd period - Shot by James van Riemsdyk.
2:24 of 3rd period - Goal by James van Riemsdyk - Canucks : 3 - Jets : 0.
2:25 of 3rd period - Zack Smith wins face-off versus Brandon Sutter in neutral zone.
2:28 of 3rd period - Fedor Tyutin is hit by Zack Smith and loses puck.
4:19 of 3rd period - Shot by Brooks Laich.
4:19 of 3rd period - Shot Misses the Net.
4:21 of 3rd period - Shot by Brooks Laich.
4:21 of 3rd period - Shot Misses the Net.
4:25 of 3rd period - Shot by David Backes.
4:25 of 3rd period - Shot Blocked by James Wisniewski.
4:27 of 3rd period - Shot by Brooks Laich.
4:27 of 3rd period - Shot Misses the Net.
4:34 of 3rd period - Brooks Laich is hit by James Wisniewski.
4:46 of 3rd period - Mark Giordano is hit by Tomas Holmstrom and loses puck.
5:16 of 3rd period - Shot by James van Riemsdyk.
5:16 of 3rd period - Shot Misses the Net.
5:18 of 3rd period - Shot by James van Riemsdyk.
5:18 of 3rd period - Shot Misses the Net.
5:27 of 3rd period - James Wisniewski is hit by Alex Pietrangelo and loses puck.
5:34 of 3rd period - Shot by Corey Perry.
5:34 of 3rd period - Shot Misses the Net.
5:38 of 3rd period - Shot by Valtteri Filppula.
5:38 of 3rd period - Stopped by Ilya Bryzgalov without a rebound.
5:39 of 3rd period - Henrik Sedin wins face-off versus Ryan OReilly in Jets zone.
6:58 of 3rd period - Shot by Mike Ribeiro.
6:58 of 3rd period - Shot Blocked by Erik Karlsson.
7:37 of 3rd period - Icing by Ryan Callahan.
7:38 of 3rd period - Tomas Holmstrom wins face-off versus Zack Smith in Jets zone.
7:38 of 3rd period - Dmitry Kulikov is hit by Aaron Rome and loses puck.
8:27 of 3rd period - Ryan Suter is hit by Tomas Holmstrom and loses puck.
8:35 of 3rd period - Icing by Dmitry Kulikov.
8:36 of 3rd period - Brandon Sutter wins face-off versus Mike Ribeiro in Canucks zone.
9:02 of 3rd period - Ryan Callahan is hit by David Backes and loses puck.
9:10 of 3rd period - Mike Ribeiro is hit by David Backes and loses puck.
9:23 of 3rd period - Shot by David Backes.
9:23 of 3rd period - Shot Misses the Net.
9:28 of 3rd period - Shot by David Backes.
9:28 of 3rd period - Shot Misses the Net.
9:30 of 3rd period - Shot by Duncan Keith.
9:30 of 3rd period - Shot Misses the Net.
9:32 of 3rd period - Shot by David Backes.
9:32 of 3rd period - Stopped by Ilya Bryzgalov without a rebound.
9:33 of 3rd period - Phil Kessel wins face-off versus Henrik Sedin in Jets zone.
9:36 of 3rd period - Shot by Corey Perry.
9:36 of 3rd period - Stopped by Ilya Bryzgalov without a rebound.
9:37 of 3rd period - Phil Kessel wins face-off versus Brian Boyle in Jets zone.
9:55 of 3rd period - Icing by Corey Perry.
9:56 of 3rd period - Henrik Sedin wins face-off versus Phil Kessel in Canucks zone.
10:16 of 3rd period - Shot by Erik Cole.
10:16 of 3rd period - Shot Blocked by Alex Pietrangelo.
10:18 of 3rd period - Shot by Henrik Sedin.
10:18 of 3rd period - Shot Misses the Net.
10:22 of 3rd period - Shot by Erik Cole.
10:22 of 3rd period - Deflect By Martin Erat.
10:22 of 3rd period - Shot Misses the Net.
10:24 of 3rd period - Shot by Henrik Sedin.
10:24 of 3rd period - Shot Blocked by Erik Karlsson.
10:26 of 3rd period - Shot by Martin Erat.
10:26 of 3rd period - Stopped by Henrik Lundqvist without a rebound.
10:27 of 3rd period - Brooks Laich wins face-off versus Brian Boyle in Canucks zone.
11:17 of 3rd period - Loui Eriksson is hit by Zack Smith and loses puck.
12:47 of 3rd period - Loui Eriksson is hit by Ryan Malone and loses puck.
14:23 of 3rd period - Shot by Brandon Sutter.
14:23 of 3rd period - Shot Blocked by Colby Armstrong.
15:17 of 3rd period - Shot by Valtteri Filppula.
15:17 of 3rd period - Shot Misses the Net.
15:27 of 3rd period - Shot by Kris Russell.
15:27 of 3rd period - Stopped by Ilya Bryzgalov without a rebound.
15:28 of 3rd period - Jannik Hansen wins face-off versus Mike Ribeiro in Jets zone.
15:45 of 3rd period - Shot by Martin Erat.
15:45 of 3rd period - Stopped by Henrik Lundqvist without a rebound.
15:46 of 3rd period - Valtteri Filppula wins face-off versus Mike Ribeiro in Canucks zone.
16:01 of 3rd period - Shot by Jannik Hansen.
16:01 of 3rd period - Stopped by Ilya Bryzgalov with a rebound.
16:03 of 3rd period - Shot by Valtteri Filppula.
16:03 of 3rd period - Goal by Valtteri Filppula - Canucks : 4 - Jets : 0.
16:04 of 3rd period - James van Riemsdyk wins face-off versus Zack Smith in neutral zone.
16:12 of 3rd period - Minor Penalty to Aaron Rome for Hooking.
16:13 of 3rd period - Erik Cole wins face-off versus Phil Kessel in Jets zone.
16:22 of 3rd period - Shot by Loui Eriksson.
16:22 of 3rd period - Stopped by Ilya Bryzgalov without a rebound.
16:23 of 3rd period - Brooks Laich wins face-off versus Henrik Sedin in Jets zone.
16:34 of 3rd period - Shot by Brooks Laich.
16:34 of 3rd period - Shot Blocked by Henrik Sedin.
16:36 of 3rd period - Shot by Tomas Holmstrom.
16:36 of 3rd period - Stopped by Ilya Bryzgalov without a rebound.
16:37 of 3rd period - Mike Ribeiro wins face-off versus Phil Kessel in Jets zone.
18:30 of 3rd period - Shot by Loui Eriksson.
18:30 of 3rd period - Deflect By Jannik Hansen.
18:30 of 3rd period - Shot Misses the Net.
19:18 of 3rd period - Shot by Carlo Colaiacovo.
19:18 of 3rd period - Stopped by Henrik Lundqvist without a rebound.
19:19 of 3rd period - Brian Boyle wins face-off versus Phil Kessel in Canucks zone.
19:19 of 3rd period - Clarke MacArthur is hit by Erik Karlsson and loses puck.
19:23 of 3rd period - Icing by Erik Karlsson.
19:24 of 3rd period - Brian Boyle wins face-off versus Phil Kessel in Canucks zone.
19:24 of 3rd period - Brian Boyle is hit by Erik Karlsson.


Output by the SimonT Hockey Simulator (STHS) for Stephane Roy -- Original Page W3C XHTML 1.0 Valid